 Dungeon Crawl Stone Soup version 0.25-a0-310-g60f0ac2d9a (webtiles) character file.

Game seed: 16128816605173862438, levelgen mode: classic

17327 Borgoz the Protected (level 12, -4/77 HPs)
             Began as a Gargoyle Fighter on Dec 23, 2019.
             Was a Believer of Ashenzari.
             Killed from afar by Azrael (28 damage)
             ... with damnation
             ... on level 12 of the Dungeon.
             The game lasted 00:20:38 (13709 turns).

Borgoz the Protected (Gargoyle Fighter)            Turns: 13709, Time: 00:20:38

Health: -4/77      AC: 24    Str: 22    XL:     12   Next: 46%
Magic:  12/12      EV: 16    Int:  8    God:    Ashenzari [**....]
Gold:   347        SH:  0    Dex: 13    Spells: 7/11 levels left

rFire    + + .     SeeInvis +   w - +4 great mace of Loqah {freeze, rF+ rC+ rN+++ Stlth+}
rCold    + . .     Gourm    +   (shield currently unavailable)
rNeg     + + +     Faith    .   g - +4 ring mail {rF+} (curse)
rPois    ∞         Spirit   .   (no helmet)
rElec    +         Reflect  .   K - +1 cloak
rCorr    .         Harm     .   D - +0 pair of gloves
MR       .....                  (no boots)
Stlth    ++........             j - amulet of the gourmand
HPRegen  0.22/turn              e - ring of see invisible
MPRegen  0.13/turn              (no ring)

@: no status effects
A: negative energy resistance 1, electricity resistance, unbreathing,
petrification resistance, rot immunity, AC +8
a: Curse Item, Scrying, Renounce Religion


You were on level 12 of the Dungeon.
You worshipped Ashenzari.
Ashenzari was pleased with you.
You were very full.

You visited 2 branches of the dungeon, and saw 13 of its levels.
You also visited: Sewer.

You collected 909 gold pieces.
You spent 562 gold pieces at shops.

Inventory:

Hand Weapons
 d - a +6 hand axe of freezing
 w - the +4 great mace of Loqah (weapon) {freeze, rF+ rC+ rN+++ Stlth+}
   (You bought it in a shop on level 9 of the Dungeon)

   It has been specially enchanted to freeze those struck by it, causing extra
   injury to most foes and up to half again as much damage against particularly
   susceptible opponents.
   It can also slow down cold-blooded creatures.
   It protects you from fire.
   It protects you from cold.
   It renders you almost immune to negative energy.
   It makes you more stealthy.
 z - a +3 morningstar
Missiles
 n - 7 throwing nets (quivered)
Armour
 c - a +0 shield
 g - a cursed +4 ring mail of fire resistance (worn)
 m - a +0 ring mail of cold resistance
 D - a +0 pair of gloves (worn)
 K - a +1 cloak (worn)
Jewellery
 e - a ring of see invisible (left hand)
 j - an amulet of the gourmand (around neck)
 v - an uncursed ring of flight
Wands
 q - a wand of flame (22)
 s - a wand of polymorph (7)
 C - a wand of acid (19)
 E - a wand of iceblast (9)
 F - a wand of disintegration (9)
Scrolls
 a - 6 scrolls of fear
 b - 7 scrolls of fog
 h - a scroll of amnesia
 k - 5 scrolls of teleportation
 t - 6 scrolls of blinking
 x - 9 scrolls of remove curse
 y - a scroll of immolation {unknown}
 B - 3 scrolls of enchant weapon
 H - 3 scrolls of enchant armour
 I - a scroll of magic mapping {unknown}
Potions
 i - a potion of cancellation
 l - 2 potions of magic
 o - 4 potions of haste
 p - 2 potions of curing
 r - a potion of mutation
 u - 2 potions of brilliance
 A - 2 potions of flight
 J - a potion of berserk rage {unknown}
Comestibles
 f - 25 rations
 G - 6 chunks of flesh


   Skills:
 + Level 10.1 Fighting
 * Level 10.3 Maces & Flails
 * Level 11.0 Armour
 * Level 8.6 Dodging
 - Level 3.2 Shields
 - Level 5.0 Hexes


You had 7 spell levels left.
You knew the following spells:

 Your Spells              Type           Power        Failure   Level  Hunger
a - Confusing Touch       Hex            #.....       9%          1    ##.....
b - Confuse               Hex            #.......     24%         3    ####...

Your spell library contained the following spells:

 Spells                   Type           Power        Failure   Level  Hunger
 Animate Skeleton         Necr           N/A          54%         1    ##.....
 Apportation              Tloc           #.....       54%         1    ##.....
 Beastly Appendage        Tmut           #.....       54%         1    ##.....
 Pain                     Necr           #...         54%         1    ##.....
 Summon Small Mammal      Summ           #...         54%         1    ##.....
 Sticks to Snakes         Tmut           #.......     67%         2    ###....
 Gell's Gravitas          Tloc           #.........   88%         3    ####...
 Regeneration             Chrm/Necr      #.........   88%         3    ####...
 Spider Form              Tmut/Pois      #.........   88%         3    ####...
 Vampiric Draining        Necr           #.........   88%         3    ####...
 Animate Dead             Necr           N/A          99%         4    #####..
 Ice Form                 Ice/Tmut       #.......     99%         4    #####..
 Petrify                  Tmut/Erth      #.......     99%         4    #####..
 Metabolic Englaciation   Hex/Ice        #.........   99%         5    ######.
 Yara's Violent Unravell  Hex/Tmut       #.........   99%         5    ######.
 Blade Hands              Tmut           #.........   100%        5    ######.


Dungeon Overview and Level Annotations

Branches:
Dungeon (12/15)            Temple (1/1) D:7            Lair (0/6) D:11
    Orc (0/2) D:9           Sewer (visited)

Altars:
Ashenzari
Cheibriados
Dithmenos
Elyvilon
Fedhas
Gozag
Hepliaklqana
Kikubaaqudgha
Makhleb
Nemelex Xobeh
Okawaru
Qazlal
Ru
Sif Muna
Trog
Uskayaw
Vehumet
Wu Jian
Xom
Yredelemnul
Zin
The Shining One

Shops:
D:4 [   D:5 *   D:7 }[   D:9 (

Annotations:
D:7 1 runed translucent door, mopl's ghost, novice MfIE
D:8 1 runed translucent door
D:10 1 runed translucent door
D:12 Azrael


Innate Abilities, Weirdness & Mutations

You are resistant to torment.
Your stone body is resilient. (AC +8)
You are immune to poison.
You resist negative energy. (rN+)
You are resistant to electric shocks. (rElec)
You can survive without breathing.
You are immune to petrification.
You are immune to rotting.


Message History

You swing at nothing.
The hell hound bites you.
You barely miss the hell hound. The hell hound bites you!
The hell hound barely misses you.
You barely miss the hell hound. The hell hound completely misses you.
Azrael gestures at you.
The fireball explodes!
The fireball engulfs the hell hound.
The hell hound completely resists.
The fireball engulfs you! You resist.
The fireball engulfs Azrael.
Azrael completely resists.
The hell hound misses you.
You sock the hell hound! You freeze the hell hound.
The hell hound is moderately wounded.
The hell hound misses you.
You bludgeon the hell hound!! You freeze the hell hound!
You kill the hell hound!
You bludgeon Azrael!! You freeze Azrael.
Azrael is moderately wounded.
Azrael hits you with a +3 scimitar of flaming.
Azrael gestures at you.
The sphere of damnation explodes!
The damnation engulfs you!!
You die...

##
#.####..........
#.# ###.##....
#.# *.# # ###.#
., #(..# ,,., ,
#.### .. #(# , *
#†# * , , #@#
#R# * #°# * , ,
cc5* , ,


ccc * #ccE° , * ##c#. , , * ....# , , You could see Azrael, a fire elemental, 8
centaurs and a shadow imp.

Vanquished Creatures
  2 hydras
  A death knight (D:10)
  3 death yaks (D:11)
  An unseen horror (D:11)
  Pikel (D:7)
  A manticore (D:11)
  A cyclops (D:11)
  Maurice (D:11)
  A centaur zombie (D:12)
  A troll (D:11)
  A hornet (D:11)
  A meliai (D:10)
  A hippogriff (D:10)
  Sigmund (D:2)
  5 wraiths (D:8)
  3 fire bats (D:8)
  2 yaks (D:11)
  2 humans (D:8)
  A fire elemental (D:12)
  3 vampire mosquitoes (D:10)
  6 hell hounds (D:12)
  8 orc warriors
  4 slaves
  A sky beast (D:9)
  3 ice beasts
  3 black bears
  A necrophage (D:10)
  A tengu (shapeshifter) (D:11)
  5 ogres
  8 centaurs
  Blork the orc (D:6)
  9 bullfrogs
  5 scorpions
  10 killer bees
  13 wights
  A vampire bat (D:8)
  3 electric eels (D:5)
  4 howler monkeys
  2 bullfrog zombies
  11 crimson imps
  A quasit (D:8)
  12 hounds
  A jelly (D:10)
  A bullfrog skeleton (D:10)
  2 gnoll shamans
  10 orc priests
  Ijyb (D:3)
  An iguana (D:6)
  20 orc wizards
  9 worker ants
  A howler monkey zombie (D:7)
  3 worker ant zombies
  12 gnolls
  A howler monkey skeleton (D:6)
  11 adders
  3 river rats (Sewer)
  4 shadow imps
  A white imp (D:9)
  An ooze (D:1)
  2 adder skeletons (D:9)
  3 worms
  8 leopard geckos
  65 orcs
  4 bat skeletons (D:8)
  A bat zombie (D:8)
  5 giant cockroaches
  4 goblins
  8 hobgoblins
  15 jackals
  4 quokkas
  6 ball pythons
  11 bats
  11 frilled lizards
  8 kobolds
  A leopard gecko skeleton (D:4)
  A leopard gecko zombie (D:7)
  A quokka skeleton (D:4)
  A quokka zombie (D:9)
  18 rats
404 creatures vanquished.

Vanquished Creatures (others)
  A gnoll (D:3)
  A goblin (D:3)
  A quokka (D:3)
  2 plants (D:5)
5 creatures vanquished.

Grand Total: 409 creatures vanquished

Notes
Turn   | Place    | Note
-------+----------+-------------------------------------------
     0 | D:1      | Borgoz the Gargoyle Fighter began the quest for the Orb.
     0 | D:1      | Reached XP level 1. HP: 14/14 MP: 1/1
   354 | D:1      | Reached XP level 2. HP: 17/19 MP: 2/2
   614 | D:1      | Reached skill level 1 in Dodging
   614 | D:1      | Reached XP level 3. HP: 17/23 MP: 3/3
   897 | D:2      | Reached XP level 4. HP: 15/29 MP: 4/4
  1234 | D:2      | Noticed Sigmund
  1248 | D:2      | Killed Sigmund
  1248 | D:2      | Reached skill level 4 in Armour
  1248 | D:2      | Reached XP level 5. HP: 24/33 MP: 5/5
  1248 | D:2      | Reached XP level 6. HP: 28/38 MP: 6/6
  1855 | D:3      | Noticed an orc warrior
  1863 | D:3      | Killed an orc warrior
  1992 | D:3      | Found a shattered altar of Ashenzari.
  2005 | D:3      | Noticed Ijyb
  2028 | D:3      | Killed Ijyb
  2028 | D:3      | Reached XP level 7. HP: 44/44 MP: 7/7
  2064 | D:3      | Became a worshipper of Ashenzari the Shackled
  2382 | D:3      | Learned a level 1 spell: Confusing Touch
  2766 | D:4      | Reached skill level 5 in Maces & Flails
  2816 | D:4      | Found Femoetorch's Antique Armour Boutique.
  2819 | D:4      | Bought an ancient ring mail for 171 gold pieces
  2829 | D:4      | Identified the +3 ring mail of the Shoals {+Blink rPois
                  | Stlth+} (You bought it in a shop on level 4 of the Dungeon)
  2861 | D:4      | Reached skill level 5 in Fighting
  2861 | D:4      | Reached skill level 5 in Armour
  2907 | D:4      | Reached XP level 8. HP: 41/49 MP: 8/8
  2982 | D:4      | Found a glowing drain.
  2986 | Sewer    | Entered a sewer
  3117 | Sewer    | Reached skill level 1 in Hexes
  3869 | D:5      | Entered Level 5 of the Dungeon
  3910 | D:5      | Found Vufrowk's Assorted Antiques.
  3916 | D:5      | Bought a scroll of identify for 46 gold pieces
  4206 | D:5      | Reached * piety under Ashenzari
  4496 | D:5      | Found a blossoming altar of Fedhas.
  4497 | D:5      | Found an opulent altar of Gozag.
  4498 | D:5      | Found a shadowy altar of Dithmenos.
  6520 | D:6      | Reached skill level 6 in Armour
  6764 | D:6      | Reached XP level 9. HP: 55/55 MP: 9/9
  7018 | D:6      | Noticed Blork the orc
  7024 | D:6      | Killed Blork the orc
  7220 | D:7      | Noticed Pikel
  7297 | D:7      | Found Beseuroh's Antique Armour Emporium.
  7317 | D:7      | Found Beghidwi's Gadget Shop.
  7350 | D:7      | Reached skill level 5 in Dodging
  8002 | D:7      | Killed Pikel
  8002 | D:7      | Reached skill level 7 in Armour
  8251 | D:7      | Found a runed translucent door.
  8251 | D:7      | Noticed mopl's ghost (novice MfIE)
  8315 | D:7      | Found a staircase to the Ecumenical Temple.
  8378 | Temple   | Entered the Ecumenical Temple
  8714 | D:7      | Found an ornate altar of the Wu Jian Council.
  8714 | D:7      | Found a stormy altar of Qazlal.
  8844 | D:8      | Reached XP level 10. HP: 63/63 MP: 10/10
  8865 | D:8      | Found a radiant altar of Vehumet.
  9301 | D:8      | Found an iron altar of Okawaru.
  9426 | D:8      | Reached skill level 8 in Armour
  9629 | D:8      | Found an ancient bone altar of Kikubaaqudgha.
  9746 | D:8      | Found a runed translucent door.
  9759 | D:8      | Found an iron altar of Okawaru.
  9774 | D:8      | Found a blossoming altar of Fedhas.
  9790 | D:8      | Found a hide-covered altar of Uskayaw.
  9806 | D:8      | Found a basalt altar of Yredelemnul.
  9940 | D:8      | Found an opulent altar of Gozag.
  9978 | D:8      | Found an opulent altar of Gozag.
  9991 | D:8      | Noticed a flayed ghost
  9992 | D:8      | Identified the ring of Aqiwn {*Tele rF+ Dex+3 Stlth+}
  9992 | D:8      | Found the +2 robe of Vines {NoPotionHeal Regen+7}
 10130 | D:9      | Reached ** piety under Ashenzari
 10377 | D:9      | Found a staircase to the Orcish Mines.
 10384 | D:9      | Learned a level 3 spell: Confuse
 10431 | D:9      | Found Teelim's Antique Weapon Emporium.
 10441 | D:9      | Bought a bloodstained great mace for 345 gold pieces
 10441 | D:9      | Identified the +4 great mace of Loqah {freeze, rF+ rC+
                  | rN+++ Stlth+} (You bought it in a shop on level 9 of the
                  | Dungeon)
 10564 | D:9      | Reached XP level 11. HP: 69/69 MP: 11/11
 10642 | D:10     | Entered Level 10 of the Dungeon
 10645 | D:10     | Reached skill level 9 in Armour
 10764 | D:10     | Found a runed translucent door.
 11150 | D:10     | Noticed an eight-headed hydra
 11153 | D:10     | Noticed a death knight
 11155 | D:10     | Killed an eight-headed hydra
 11189 | D:10     | Killed a death knight
 11416 | D:10     | Noticed a cyclops
 12494 | D:11     | Noticed a death yak
 12496 | D:11     | Noticed a death yak
 12500 | D:11     | Noticed a cyclops
 12505 | D:11     | Noticed a death yak
 12514 | D:11     | Killed a death yak
 12514 | D:11     | Reached skill level 10 in Armour
 12514 | D:11     | Reached skill level 5 in Hexes
 12518 | D:11     | Killed a death yak
 12523 | D:11     | Killed a death yak
 12525 | D:11     | Killed a cyclops
 12525 | D:11     | Reached XP level 12. HP: 24/77 MP: 12/12
 12928 | D:11     | Reached skill level 10 in Maces & Flails
 12977 | D:11     | Found a staircase to the Lair.
 13152 | D:12     | Noticed Maurice
 13168 | D:11     | Killed Maurice
 13316 | D:12     | Noticed a seven-headed hydra
 13328 | D:11     | Killed a seven-headed hydra
 13421 | D:12     | Reached skill level 10 in Fighting
 13667 | D:12     | Noticed Azrael
 13685 | D:12     | Reached skill level 11 in Armour
 13709 | D:12     | Killed from afar by Azrael

Levels and vault maps discovered:
D:1:      tarquinn_simple_flora_water_e, layout_rooms
D:2:      cheibrodos_helix_gallery, layout_loops_ring, amethyst_killhole,
          uniq_sigmund
D:3:      layout_rooms, ashenzari_altar_1, uniq_ijyb
D:4:      layout_loops_ring, serial_shops, nicolae_shop_behind_doors,
          first_ration, gup_sewer_entry_bowl
D:5:      cheibrodos_two_vegetables, layout_basic, grunt_temple_overflow_open,
          serial_shops, nicolae_shop_statue_plus
D:6:      layout_loops_corners, uniq_blork_the_orc
D:7:      layout_rooms, amethyst_overflow_temple_binary,
          minmay_temple_entry_slanted, serial_shops, shop_statue, shop,
          ebering_ghost_reflecting_pool, uniq_pikel
D:8:      due_megacathedral, layout_basic, kennysheep_mini_moat,
          kennysheep_vampire_church, grunt_ogre_cave, okawaru_humans
D:9:      layout_cave_pools, serial_shops, shop, minmay_nine_imps
D:10:     minmay_the_grid_triangle_9x9_recursive_2
          [minmay_the_grid_triangle_9x9_prize_top_heavy,
          minmay_the_grid_triangle_9x9_windchime,
          minmay_the_grid_triangle_9x9_longest,
          minmay_the_grid_triangle_9x9_subtriangle], layout_cave_pods,
          grunt_decor_cap
D:11:     layout_gridville, dpeg_lair_monsters, hangedman_decor_lopped
D:12:     layout_loops_cross, uniq_maurice, uniq_azrael
Temple:   regret_index_temple_generic_petals

Skill      XL: |  1  2  3  4  5  6  7  8  9 10 11 12 |
---------------+-------------------------------------+-----
Dodging        | 1 2 3 4 5 6 8 |  8.6
Maces & Flails | 3 4 5 6 7 8 9 10 | 10.3
Fighting       | 4 5 6 7 8 9 10 | 10.1
Armour         | 4 5 6 7 8 10 11 | 11.0
Hexes          | 2 3 4 5 |  5.0
Shields        | |  3.2

Action                   |  1- 3 |  4- 6 |  7- 9 | 10-12 || total
-------------------------+-------+-------+-------+-------++-------
Melee: Flail             |   156 |     8 |       |       ||   164
       Whip              |       |    93 |   601 |   321 ||  1015
       Great mace        |       |       |       |   399 ||   399
Throw: Throwing net      |       |     1 |       |     4 ||     5
Invok: Curse Item        |       |       |       |     2 ||     2
Evoke: Wand              |       |       |     1 |       ||     1
  Use: Scroll            |       |       |    15 |     4 ||    19
       Potion            |       |       |     2 |     7 ||     9
 Stab: Distracted        |       |       |       |     1 ||     1
       Sleeping          |       |       |       |     1 ||     1
  Eat: Chunk             |    10 |     8 |    22 |    16 ||    56
Armor: Scale mail        |    23 |       |       |       ||    23
       Ring mail         |    62 |    63 |   251 |   453 ||   829
       Skin              |       |       |    37 |       ||    37
Dodge: Dodged            |    49 |    47 |   264 |   606 ||   966
Block: Shield            |    92 |    64 |   280 |   132 ||   568

Table legend:
 A = Non-vault XP
 B = Vault XP
 C = Vault XP percentage of total XP
 D = Non-vault monster count
 E = Vault monster count
 F = Vault count percentage of total count
                 A         B        C        D         E       F
            +---------+---------+-------+---------+---------+-------
      Total |   14198 |   10556 |  42.6 |     322 |      78 |  19.5
            +---------+---------+-------+---------+---------+-------
        D:1 |      46 |       0 |   0.0 |      24 |       0 |   0.0
        D:2 |      92 |     209 |  69.4 |      13 |       3 |  18.8
        D:3 |     503 |      39 |   7.2 |      36 |       1 |   2.7
        D:4 |     489 |       6 |   1.2 |      27 |       4 |  12.9
        D:5 |     137 |     311 |  69.4 |      11 |       5 |  31.2
        D:6 |     826 |      96 |  10.4 |      25 |       1 |   3.8
        D:7 |     915 |     663 |  42.0 |      28 |       1 |   3.4
        D:8 |    2040 |    1593 |  43.8 |      47 |      14 |  23.0
        D:9 |    1101 |     361 |  24.7 |      21 |       9 |  30.0
       D:10 |    1614 |    2653 |  62.2 |      21 |       9 |  30.0
       D:11 |    5233 |    3487 |  40.0 |      48 |       6 |  11.1
       D:12 |    1202 |    1068 |  47.0 |      21 |       7 |  25.0
      Sewer |       0 |      70 | 100.0 |       0 |      18 | 100.0
            +---------+---------+-------+---------+---------+-------
